 Seeded DCSS version 0.30.0-18-gc0e69614cb (webtiles) character file.

Game seed: 6351066067085065685 (custom seed)

291 Esekla the Grave Robber (level 6, -1/34 HPs)
             Began as a Deep Elf Necromancer on May 25, 2023.
             Was an Initiate of Vehumet.
             Slain by a gnoll
             ... wielding a +0 halberd
             ... led by a gnoll bouda
              (7 damage)
             ... on level 4 of the Dungeon.
             The game lasted 00:14:10 (3102 turns).

Esekla the Grave Robber (Deep Elf Necromancer)      Turns: 3102, Time: 00:14:10

Health: -1/34      AC:  4    Str:  5    XL:     6   Next: 10%
Magic:  12/15      EV:  7    Int: 22    God:    Vehumet [......]
Gold:   171        SH:  0    Dex: 18    Spells: 11/15 levels left

rFire   . . .        s - +5 rapier of the Hero {heavy, rN+ Dex+3}
rCold   . . .        (no shield)
rNeg    + . .        a - +0 robe
rPois   .            u - +0 helmet
rElec   .            (no cloak)
rCorr   .            v - +0 pair of gloves
SInv    .            (no boots)
Will    .....        (no amulet)
Stlth   +++          (no ring)
HPRegen 0.25/turn    (no ring)
MPRegen 0.14/turn

%: no passive effects
@: held
A: no striking features
a: Renounce Religion


You were on level 4 of the Dungeon.
You worshipped Vehumet.
Vehumet was noncommittal.
You visited 1 branch of the dungeon, and saw 4 of its levels.

You collected 171 gold pieces.

Inventory:

Hand Weapons
 r - a +0 trident
 s - the +5 rapier of the Hero (weapon) {heavy, rN+ Dex+3}
   (You found it on level 3 of the Dungeon)

   Dex:       It affects your dexterity (+3).
   rN:        It protects you from negative energy.
Missiles
 p - 9 poisoned darts
Armour
 a - a +0 robe (worn)
 u - a +0 helmet (worn)
 v - a +0 pair of gloves (worn)
Wands
 m - a wand of roots (9)
Scrolls
 c - a scroll of immolation {unknown}
 e - a scroll of fear {unknown}
 f - 3 scrolls of identify {unknown}
 i - a scroll of fog {unknown}
 k - a scroll of enchant armour {unknown}
 l - a scroll of amnesia {unknown}
 n - a scroll of blinking {unknown}
 t - 2 scrolls of enchant weapon {unknown}
Potions
 b - a potion of magic
 d - a potion of ambrosia {unknown}
 g - 2 potions of attraction {unknown}
 h - a potion of heal wounds {unknown}
 j - 2 potions of brilliance {unknown}
 o - 2 potions of curing {unknown}
 q - a potion of haste {unknown}


   Skills:
 + Level 1.0 Fighting
 + Level 2.2 Short Blades
 * Level 4.1 Dodging
 + Level 3.3 Stealth
 * Level 5.1 Spellcasting
 + Level 5.7 Necromancy


You had 11 spell levels left.
You knew the following spells:

 Your Spells              Type           Power      Damage    Failure   Level
a - Necrotise             Necr           100%       1d9       1%          1
d - Vampiric Draining     Necr           30%        2d8       2%          3

Your spell library contained the following spells:

 Spells                   Type           Power      Damage    Failure   Level
 Animate Dead             Necr           30%        N/A       10%         4
 Lesser Beckoning         Tloc           10%        N/A       16%         2
 Agony                    Necr           30%        N/A       26%         5
 Gell's Gravitas          Tloc           5%         N/A       30%         3
 Teleport Other           Tloc           5%         N/A       30%         3


Dungeon Overview and Level Annotations

Branches:
Dungeon (4/15)
 Temple: D:4-7

Altars:
Hepliaklqana
Okawaru
Qazlal
Trog
Vehumet
Zin
The Shining One

Shops:
D:2 =   D:4 (


Message History

Your attacks no longer feel as feeble.
Things that are here:
a +0 club; a gnoll corpse You start resting.
Magic restored.
You start resting.
HP restored.
There is a stone staircase leading down here.
You climb downwards.
The gnoll throws a throwing net.
The throwing net hits you.
You become entangled in the net!
The gnoll bouda barks out a call to the hunt!
The gnolls pick up the pace!
There is a stone staircase leading up here.
You see here a throwing net.
You struggle against the net.
The gnoll barely misses you.
You struggle against the net.
The gnoll bouda hits you with a +0 club!
The gnoll hits you from afar with a +0 spear.
The gnoll hits you but does no damage.
You struggle against the net.
The gnoll bouda hits you with a +0 club!
The gnoll hits you from afar with a +0 spear.
* * * LOW HITPOINT WARNING * * *
The gnoll hits you from afar with a +0 spear.
* * * LOW HITPOINT WARNING * * *
Casting: Vampiric Draining (dangerous; 2% risk of failure)
Confirm with . or Enter, or press ? or * to list all spells.
Aiming: Vampiric Draining (dangerous; 2% risk of failure)
Press: ? - help, Shift-Dir - straight line, f - gnoll bouda
Aim: a gnoll bouda, wielding a +0 club and wearing a +0 leather armour You draw life force from the gnoll bouda!
You feel life coursing into your body.
The gnoll shouts!
The gnoll bouda hits you with a +0 club.
* * * LOW HITPOINT WARNING * * *
The gnoll hits you from afar with a +0 spear.
* * * LOW HITPOINT WARNING * * *
The gnoll barely misses you.
The gnoll hits you from afar with a +0 halberd!
You die...

#...............###.......
#.................+.......
#................##.......
#.............)...........
+.........................
#........................#
#......................... ..
#..............#.......... ...
#......g.@.....#..........
#...#......g)g....##..........
##...#......g.......#..........
...g............####.#..........
#...............#....#..........
##...g.##.............#..........
..............................>..
#....##...............######....
##....##...............### #....


You could see a gnoll bouda and 3 gnolls.

Vanquished Creatures
  A black bear (D:2)
  A hound (D:3)
  An iguana (D:2)
  5 gnolls
  4 adders
  2 dart slugs
  6 orcs
  6 ball pythons
  4 bats
  4 endoplasms
  8 goblins
  4 hobgoblins
  A quokka (D:1)
  4 frilled lizards
  5 kobolds
  A rat (D:2)
57 creatures vanquished.

Notes
Turn   | Place    | Note
-------+----------+-------------------------------------------
     0 | D:1      | Esekla the Deep Elf Necromancer began the quest for the
                  | Orb.
     0 | D:1      | Reached XP level 1. HP: 10/10 MP: 6/6
   176 | D:1      | Reached skill level 5 in Necromancy
   374 | D:1      | Reached XP level 2. HP: 15/15 MP: 8/8
   784 | D:2      | Noticed a black bear
   795 | D:2      | Reached XP level 3. HP: 20/20 MP: 9/9
   799 | D:2      | Learned a level 3 spell: Vampiric Draining
  1057 | D:2      | Reached skill level 1 in Short Blades
  1203 | D:3      | Found a stormy altar of Qazlal.
  1205 | D:3      | Found a bloodstained altar of Trog.
  1207 | D:3      | Found a hazy altar of Hepliaklqana.
  1218 | D:3      | Reached XP level 4. HP: 17/24 MP: 1/11
  1600 | D:2      | Found Renulab's Jewellery Shop.
  1930 | D:2      | Reached XP level 5. HP: 28/28 MP: 13/13
  1945 | D:2      | Found a faded altar of an unknown god.
  1983 | D:2      | Killed a black bear
  1984 | D:2      | Reached skill level 1 in Fighting
  2105 | D:2      | Reached skill level 5 in Spellcasting
  2183 | D:3      | Identified the +5 rapier of the Hero {heavy, rN+ Dex+3}
  2688 | D:4      | Found Ponaysk's Antique Weapon Boutique.
  2782 | D:4      | Found a radiant altar of Vehumet.
  2786 | D:4      | Became a worshipper of Vehumet
  2842 | D:4      | Found an iron altar of Okawaru.
  2851 | D:4      | Found a glowing silver altar of Zin.
  2882 | D:4      | Reached XP level 6. HP: 29/34 MP: 11/15
  3024 | D:4      | Found a glowing golden altar of the Shining One.
  3102 | D:4      | Slain by a gnoll

Illustrated notes

Levels and vault maps discovered:
D:1:      sevenhm_arrival_forest_fort_small_3, layout_rooms,
          chequers_serial_rivers_room_b, minmay_misc_feat_five
D:2:      layout_loops_ring, dreamdust_ecumenical_altar_angels_and_demons,
          serial_shops, shop
D:3:      layout_basic, grunt_temple_overflow_open, minmay_misc_feat_iff
D:4:      layout_basic, nicolae_overflow_quartered_altars, serial_shops,
          nicolae_diamond_shop

Skill      XL: |  1  2  3  4  5 |
---------------+----------------+-----
Necromancy     | 5 |  5.7
Short Blades   | 1 2 |  2.2
Dodging        | 3 4 |  4.1
Spellcasting   | 4 5 |  5.1
Stealth        | 3 |  3.3
Fighting       | 1 |  1.0

Action                     |  1- 3 |  4- 6 || total
---------------------------+-------+-------++-------
  Melee: Short sword       |    24 |       ||    24
         Unarmed           |     5 |       ||     5
         Dagger            |    50 |    38 ||    88
         Rapier            |       |    26 ||    26
   Cast: Vampiric Draining |     4 |    10 ||    14
   Stab: Sleeping          |     1 |     5 ||     6
 Armour: Robe              |     8 |    11 ||    19
  Dodge: Dodged            |    45 |    48 ||    93
